General information
- name: BNet
- type: Ladder team game (AT/RT)
- host: Battle.net
- saver: PleaseDontGo
map: Highperch
- players: 6
- length: 413:51
- speed: Fast
- version: 1.23 W3XP
- replay type: Public
» download(866 KB)
Players
team 1 (loser)
fckitildoitlive (
teal | 26 APM | 3552 actions | 138:47)
5 Mountain King
3 Storm Bolt
2 Bash
3 Paladin
2 Holy Light
1 Divine Shield
3 Archmage
1 Brilliance Aura
2 Summon Water Elemental
» actions
| Assign group hotkey | 170 | |
| Basic commands | 31 | |
| Build / train | 114 | |
| Enter build submenu | 35 | |
| Enter hero's abilities submenu | 14 | |
| Give item / drop item | 12 | |
| Remove unit from queue | 8 | |
| Right click | 1540 | |
| Select / deselect | 1356 | |
| Select group hotkey | 145 | |
| Use ability | 126 | |
3552 total
» units
| Peasant | 15 | |
| Footman | 2 | |
| Rifleman | 8 | |
| Razormane Medicine Man | 1 | |
| Harpy Rogue | 2 | |
| Centaur Outrunner | 1 | |
| Mortar Team | 8 | |
| Siege Engine | 8 | |
| Gryphon Rider | 14 | |
| Harpy Windwitch | 1 | |
| Knight | 1 | |
| Dragonhawk Rider | 1 | |
62 total
» upgrades
| Armor | 3 | |
| Gunpowder | 3 | |
| Lumber Harvesting | 2 | |
| Long Rifles | 1 | |
| Swords | 1 | |
| Barrage | 1 | |
| Animal War Training | 1 | |
| Storm Hammers | 1 | |
| Fragmentation Shards | 1 | |
| Plating | 3 | |
| Masonry | 1 | |
| Cloud | 1 | |
19 total
» buildings
| Altar of Kings | 1 | |
| Farm | 14 | |
| Barracks | 1 | |
| Blacksmith | 1 | |
| Scout Tower | 3 | |
| Arcane Tower | 1 | |
| Keep | 1 | |
| Workshop | 1 | |
| Town Hall | 1 | |
| Lumber Mill | 3 | |
| Castle | 1 | |
| Gryphon Aviary | 2 | |
| Cannon Tower | 2 | |
| Arcane Vault | 1 | |
33 total
» build order
00:03 Altar of Kings
00:18 Farm
01:05 Barracks
01:08 Farm
01:46 Blacksmith
01:49 Scout Tower
02:10 Farm
02:18 Arcane Tower
03:10 Farm
04:00 Farm
04:51 Keep
06:54 Farm
06:55 Farm
07:21 Workshop
09:05 Town Hall
09:57 Farm
10:02 Lumber Mill
11:34 Castle
13:12 Gryphon Aviary
13:50 Gryphon Aviary
15:43 Farm
15:44 Farm
16:09 Farm
16:24 Farm
21:15 Lumber Mill
26:36 Scout Tower
27:21 Cannon Tower
31:36 Lumber Mill
33:29 Scout Tower
35:48 Farm
36:34 Cannon Tower
36:56 Farm
42:56 Arcane Vault
» items
| Scroll of Town Portal | 1 | |
| Scroll of Protection | 1 | |
| Potion of Lesser Invulnerability | 1 | |
| Orb of Fire | 1 | |
| Ivory Tower | 1 | |
5 total
icantreadthat (
purple | 52 APM | 7125 actions | 138:16)
5 Tauren Chieftain
3 War Stomp
2 Endurance Aura
5 Shadow Hunter
3 Healing Wave
2 Hex
» actions
| Assign group hotkey | 53 | |
| Basic commands | 5 | |
| Build / train | 104 | |
| Enter build submenu | 35 | |
| Enter hero's abilities submenu | 10 | |
| Give item / drop item | 14 | |
| Remove unit from queue | 15 | |
| Right click | 3245 | |
| Select / deselect | 1612 | |
| Select group hotkey | 1755 | |
| Use ability | 277 | |
7125 total
» units
| Peon | 17 | |
| Grunt | 2 | |
| Troll Headhunter/Berserker | 9 | |
| Demolisher | 7 | |
| Shaman | 5 | |
| Spirit Walker | 3 | |
| Troll Witch Doctor | 2 | |
| Tauren | 2 | |
| Troll Batrider | 5 | |
| Raider | 4 | |
56 total
» upgrades
| Armor | 1 | |
| Ranged Weapons | 3 | |
| Troll Regeneration | 1 | |
| Berserker Strength | 1 | |
| Burning Oil | 1 | |
| Berserker Upgrade | 1 | |
| Shaman Training | 2 | |
| Spirit Walker Training | 2 | |
| Witch Doctor Training | 2 | |
| Pulverize | 1 | |
| Ensnare | 1 | |
| Reinforced Defenses | 1 | |
17 total
» buildings
| Orc Burrow | 12 | |
| Altar of Storms | 1 | |
| Barracks | 2 | |
| War Mill | 2 | |
| Stronghold | 1 | |
| Fortress | 1 | |
| Spirit Lodge | 2 | |
| Tauren Totem | 2 | |
| Watch Tower | 8 | |
31 total
» build order
00:17 Orc Burrow
00:20 Altar of Storms
00:51 Barracks
01:14 War Mill
01:53 Orc Burrow
02:54 Barracks
02:58 Orc Burrow
04:55 Stronghold
07:04 Orc Burrow
07:58 Orc Burrow
08:00 Fortress
10:23 Spirit Lodge
12:10 Spirit Lodge
14:22 Orc Burrow
15:50 War Mill
17:30 Orc Burrow
21:46 Tauren Totem
21:48 Tauren Totem
24:57 Orc Burrow
67:16 Orc Burrow
69:29 Orc Burrow
78:08 Orc Burrow
79:28 Orc Burrow
84:43 Watch Tower
85:48 Watch Tower
86:51 Watch Tower
89:39 Watch Tower
91:14 Watch Tower
92:30 Watch Tower
106:47 Watch Tower
108:21 Watch Tower
» items
| Scroll of Protection | 1 | |
| Potion of Lesser Invulnerability | 1 | |
2 total
mushroomsoup (
yellow | 30 APM | 1805 actions | 59:20)
4 Tauren Chieftain
2 War Stomp
2 Endurance Aura
2 Shadow Hunter
1 Healing Wave
1 Hex
» actions
| Assign group hotkey | 18 | |
| Basic commands | 49 | |
| Build / train | 93 | |
| Enter build submenu | 18 | |
| Enter hero's abilities submenu | 6 | |
| Give item / drop item | 1 | |
| Remove unit from queue | 2 | |
| Right click | 829 | |
| Select / deselect | 331 | |
| Select group hotkey | 358 | |
| Use ability | 100 | |
1805 total
» units
| Peon | 19 | |
| Grunt | 6 | |
| Demolisher | 11 | |
| Troll Batrider | 30 | |
66 total
» upgrades
| Armor | 2 | |
| Berserker Strength | 1 | |
| Burning Oil | 1 | |
| Liquid Fire | 1 | |
5 total
» buildings
| Altar of Storms | 1 | |
| Orc Burrow | 8 | |
| Barracks | 1 | |
| Voodoo Lounge | 1 | |
| War Mill | 2 | |
| Stronghold | 3 | |
| Great Hall | 2 | |
| Fortress | 1 | |
| Tauren Totem | 2 | |
| Beastiary | 2 | |
23 total
» build order
00:08 Altar of Storms
00:19 Orc Burrow
00:50 Barracks
01:27 Orc Burrow
01:58 Voodoo Lounge
02:56 Orc Burrow
03:40 War Mill
04:27 Stronghold
04:28 Stronghold
04:28 Stronghold
07:21 Great Hall
07:24 Fortress
07:32 Orc Burrow
10:18 Tauren Totem
10:22 Tauren Totem
11:22 Orc Burrow
11:23 Orc Burrow
11:25 Orc Burrow
11:28 Orc Burrow
12:23 Beastiary
13:04 Beastiary
16:22 War Mill
34:56 Great Hall
» items
| Healing Salve | 2 | |
| Lesser Clarity Potion | 1 | |
| Scroll of Healing | 1 | |
| Scroll of Town Portal | 1 | |
| Orb of Lightning | 1 | |
6 total
team 2 (winner)
aE.GatoRade.SUX (
orange | 36 APM | 4952 actions | 138:48)
5 Death Knight
3 Death Coil
2 Unholy Aura
4 Lich
2 Frost Nova
2 Frost Armor
» actions
| Assign group hotkey | 30 | |
| Basic commands | 32 | |
| Build / train | 75 | |
| ESC pressed | 14 | |
| Enter build submenu | 33 | |
| Enter hero's abilities submenu | 9 | |
| Right click | 2653 | |
| Select / deselect | 957 | |
| Select group hotkey | 995 | |
| Use ability | 154 | |
4952 total
» units
| Acolyte | 14 | |
| Ghoul | 4 | |
| Crypt Fiend | 7 | |
| Obsidian Statue | 1 | |
| Gargoyle | 7 | |
| Frost Wyrm | 3 | |
36 total
» upgrades
| Web | 1 | |
| Burrow | 1 | |
| Stone Form | 1 | |
| Freezing Breath | 1 | |
| Creature Attack | 3 | |
| Creature Carapace | 3 | |
10 total
» buildings
| Graveyard | 1 | |
| Crypt | 2 | |
| Altar of Darkness | 1 | |
| Ziggurat | 12 | |
| Tomb of Relics | 1 | |
| Nerubian Tower | 5 | |
| Halls of the Dead | 2 | |
| Slaughterhouse | 1 | |
| Sacrificial Pit | 1 | |
| Black Citadel | 1 | |
| Spirit Tower | 2 | |
| Boneyard | 2 | |
31 total
» build order
00:20 Graveyard
00:22 Crypt
00:44 Altar of Darkness
00:59 Ziggurat
01:12 Tomb of Relics
02:01 Ziggurat
02:32 Nerubian Tower
02:32 Nerubian Tower
02:32 Nerubian Tower
03:59 Ziggurat
05:01 Halls of the Dead
08:00 Slaughterhouse
08:46 Ziggurat
08:47 Ziggurat
09:51 Sacrificial Pit
12:36 Black Citadel
12:42 Ziggurat
12:42 Ziggurat
18:25 Ziggurat
18:26 Ziggurat
21:39 Spirit Tower
27:55 Ziggurat
29:20 Spirit Tower
33:12 Boneyard
33:13 Boneyard
33:15 Crypt
35:27 Ziggurat
35:27 Ziggurat
» items
| Rod of Necromancy | 1 | |
| Lesser Clarity Potion | 2 | |
| Potion of Mana | 1 | |
| Scroll of Town Portal | 2 | |
| Staff of Teleportation | 2 | |
8 total
DirtMcGirt (
pink | 31 APM | 4258 actions | 138:47)
4 Tauren Chieftain
2 Shockwave
2 Endurance Aura
2 Pandaren Brewmaster
1 Breath of Fire
1 Drunken Haze
» actions
| Basic commands | 4 | |
| Build / train | 48 | |
| Enter build submenu | 45 | |
| Enter hero's abilities submenu | 6 | |
| Give item / drop item | 8 | |
| Remove unit from queue | 2 | |
| Right click | 3053 | |
| Select / deselect | 940 | |
| Use ability | 152 | |
4258 total
» units
» upgrades
» buildings
| Altar of Storms | 1 | |
| Orc Burrow | 3 | |
| War Mill | 1 | |
| Watch Tower | 40 | |
| Voodoo Lounge | 3 | |
| Stronghold | 1 | |
| Fortress | 1 | |
50 total
» build order
00:17 Altar of Storms
00:20 Orc Burrow
00:36 War Mill
02:10 Watch Tower
02:13 Watch Tower
02:35 Watch Tower
02:38 Watch Tower
03:33 Watch Tower
03:54 Voodoo Lounge
04:00 Voodoo Lounge
04:08 Watch Tower
04:09 Watch Tower
04:46 Watch Tower
04:58 Watch Tower
05:04 Watch Tower
05:27 Watch Tower
05:30 Watch Tower
05:48 Watch Tower
05:52 Watch Tower
06:12 Stronghold
06:18 Watch Tower
06:29 Watch Tower
06:30 Watch Tower
06:34 Watch Tower
07:12 Watch Tower
08:29 Watch Tower
08:44 Watch Tower
09:06 Fortress
09:59 Watch Tower
10:02 Watch Tower
10:33 Watch Tower
11:21 Watch Tower
11:28 Watch Tower
11:31 Watch Tower
12:44 Watch Tower
12:46 Watch Tower
12:49 Watch Tower
12:50 Watch Tower
12:53 Watch Tower
13:24 Orc Burrow
14:18 Watch Tower
14:19 Watch Tower
14:20 Watch Tower
14:21 Watch Tower
15:38 Watch Tower
15:46 Watch Tower
16:11 Watch Tower
16:27 Watch Tower
26:33 Voodoo Lounge
48:52 Orc Burrow
» items
| Healing Salve | 1 | |
| Lesser Clarity Potion | 2 | |
| Potion of Healing | 6 | |
| Potion of Mana | 5 | |
| Orb of Lightning | 2 | |
| Staff of Sanctuary | 2 | |
| Boots of Speed | 2 | |
| Staff of Teleportation | 2 | |
| Scroll of Town Portal | 3 | |
25 total
PleaseDontGo (
red | 7 APM | 2831 actions | 413:51)
3 Archmage
2 Blizzard
1 Brilliance Aura
2 Goblin Alchemist
1 Chemical Rage
1 Acid Bomb
» actions
| Assign group hotkey | 21 | |
| Basic commands | 24 | |
| Build / train | 144 | |
| Enter build submenu | 82 | |
| Enter hero's abilities submenu | 5 | |
| Give item / drop item | 6 | |
| Right click | 1476 | |
| Select / deselect | 731 | |
| Select group hotkey | 73 | |
| Use ability | 268 | |
2831 total
» units
| Peasant | 12 | |
| Dragonhawk Rider | 14 | |
| Sorceress | 1 | |
27 total
» upgrades
| Masonry | 3 | |
| Magic Sentry | 1 | |
| Animal War Training | 1 | |
| Sorceress Training | 1 | |
| Cloud | 1 | |
| Armor | 2 | |
| Plating | 1 | |
10 total
» buildings
| Altar of Kings | 1 | |
| Farm | 7 | |
| Lumber Mill | 1 | |
| Scout Tower | 128 | |
| Guard Tower | 76 | |
| Arcane Tower | 2 | |
| Keep | 2 | |
| Arcane Vault | 2 | |
| Gryphon Aviary | 2 | |
| Castle | 1 | |
| Barracks | 1 | |
| Blacksmith | 1 | |
| Arcane Sanctum | 1 | |
225 total
» build order
00:06 Altar of Kings
00:25 Farm
00:40 Lumber Mill
02:02 Scout Tower
02:03 Scout Tower
02:07 Scout Tower
02:08 Scout Tower
02:09 Scout Tower
02:10 Scout Tower
02:25 Farm
02:32 Guard Tower
02:46 Scout Tower
02:47 Scout Tower
02:58 Arcane Tower
03:00 Guard Tower
03:07 Guard Tower
03:11 Scout Tower
03:12 Scout Tower
03:39 Guard Tower
03:56 Guard Tower
04:07 Scout Tower
04:07 Scout Tower
04:19 Guard Tower
04:24 Scout Tower
04:25 Scout Tower
04:36 Guard Tower
04:39 Scout Tower
04:40 Scout Tower
04:42 Scout Tower
04:43 Scout Tower
04:54 Guard Tower
05:12 Scout Tower
05:13 Scout Tower
05:19 Guard Tower
05:35 Guard Tower
05:50 Scout Tower
05:50 Scout Tower
05:52 Scout Tower
05:54 Scout Tower
05:56 Scout Tower
06:01 Guard Tower
06:01 Guard Tower
06:09 Keep
06:09 Keep
06:19 Guard Tower
06:58 Guard Tower
06:58 Guard Tower
07:14 Guard Tower
07:17 Scout Tower
07:18 Scout Tower
07:55 Guard Tower
08:02 Arcane Vault
08:34 Gryphon Aviary
08:35 Gryphon Aviary
09:35 Castle
09:50 Barracks
10:14 Farm
10:14 Farm
10:20 Farm
10:20 Farm
10:21 Farm
12:17 Scout Tower
12:17 Scout Tower
12:18 Scout Tower
12:43 Blacksmith
13:13 Guard Tower
13:13 Guard Tower
13:25 Scout Tower
13:27 Scout Tower
13:28 Scout Tower
13:29 Scout Tower
13:31 Scout Tower
13:32 Scout Tower
13:57 Guard Tower
13:58 Guard Tower
14:01 Guard Tower
14:01 Guard Tower
14:35 Guard Tower
15:24 Arcane Sanctum
16:14 Scout Tower
16:14 Scout Tower
16:15 Scout Tower
16:17 Scout Tower
16:19 Scout Tower
16:47 Guard Tower
19:46 Scout Tower
19:47 Scout Tower
19:53 Scout Tower
19:54 Scout Tower
19:55 Scout Tower
19:56 Scout Tower
19:58 Scout Tower
19:59 Scout Tower
20:02 Scout Tower
20:03 Scout Tower
20:04 Scout Tower
20:05 Scout Tower
20:27 Scout Tower
20:29 Scout Tower
20:30 Scout Tower
20:33 Scout Tower
20:36 Scout Tower
20:37 Scout Tower
20:39 Scout Tower
20:40 Scout Tower
20:43 Scout Tower
20:54 Guard Tower
20:54 Guard Tower
21:04 Guard Tower
21:05 Guard Tower
21:25 Guard Tower
21:25 Guard Tower
21:36 Guard Tower
21:36 Guard Tower
21:39 Guard Tower
21:39 Guard Tower
22:04 Guard Tower
22:05 Guard Tower
22:09 Guard Tower
22:34 Guard Tower
22:34 Guard Tower
22:36 Guard Tower
22:37 Guard Tower
23:00 Guard Tower
25:17 Arcane Vault
25:30 Scout Tower
25:31 Scout Tower
25:33 Scout Tower
25:38 Scout Tower
25:42 Scout Tower
25:45 Scout Tower
25:46 Scout Tower
25:49 Scout Tower
25:52 Scout Tower
25:56 Scout Tower
25:58 Scout Tower
25:59 Scout Tower
26:00 Scout Tower
26:02 Scout Tower
26:05 Scout Tower
26:05 Scout Tower
26:07 Scout Tower
26:10 Scout Tower
26:14 Scout Tower
26:16 Scout Tower
26:18 Scout Tower
26:19 Scout Tower
26:21 Scout Tower
26:22 Scout Tower
26:25 Guard Tower
26:25 Guard Tower
26:39 Scout Tower
26:41 Scout Tower
26:42 Scout Tower
26:44 Scout Tower
26:49 Scout Tower
26:51 Guard Tower
27:03 Guard Tower
27:03 Guard Tower
27:04 Guard Tower
27:05 Guard Tower
27:12 Guard Tower
27:46 Guard Tower
29:01 Guard Tower
29:06 Scout Tower
29:07 Scout Tower
29:08 Scout Tower
29:11 Scout Tower
29:12 Scout Tower
29:15 Scout Tower
29:18 Scout Tower
29:20 Scout Tower
29:21 Scout Tower
29:23 Scout Tower
29:23 Scout Tower
29:26 Scout Tower
29:28 Scout Tower
29:30 Scout Tower
29:33 Scout Tower
29:34 Scout Tower
29:36 Scout Tower
29:37 Scout Tower
29:39 Scout Tower
29:43 Guard Tower
29:54 Guard Tower
29:55 Guard Tower
30:35 Guard Tower
30:42 Guard Tower
30:43 Guard Tower
30:45 Guard Tower
30:46 Guard Tower
31:17 Guard Tower
31:17 Guard Tower
31:24 Scout Tower
31:26 Scout Tower
31:28 Scout Tower
31:30 Scout Tower
31:33 Scout Tower
31:36 Scout Tower
31:39 Scout Tower
31:51 Scout Tower
31:52 Scout Tower
31:54 Scout Tower
31:57 Scout Tower
31:58 Scout Tower
31:59 Scout Tower
32:00 Scout Tower
32:05 Scout Tower
32:08 Scout Tower
32:10 Guard Tower
32:59 Guard Tower
32:59 Guard Tower
33:29 Guard Tower
33:39 Scout Tower
34:29 Guard Tower
66:35 Scout Tower
68:16 Arcane Tower
» items
| Staff of Teleportation | 2 | |
| Boots of Speed | 1 | |
| Lesser Clarity Potion | 1 | |
| Scroll of Regeneration | 1 | |
| Potion of Healing | 2 | |
| Potion of Mana | 1 | |
| Tiny Great Hall | 1 | |
| Scroll of Town Portal | 3 | |
| Mechanical Critter | 3 | |
| Potion of Lesser Invulnerability | 1 | |
| Periapt of Vitality | 1 | |
17 total
Chat log
(00:04 / Allies) DirtMcGirt: ok
(00:07 / Allies) DirtMcGirt: red
(00:09 / Allies) DirtMcGirt: tower that
(00:09 / Allies) PleaseDontGo: we perching
(00:10 / Allies) PleaseDontGo: yeah
(00:14 / All) PleaseDontGo: welcome to hell
(00:27 / Allies) DirtMcGirt: ud just feed us lum pls :)
(00:54 / All) fckitildoitlive: mm i like it here
(01:01 / All) PleaseDontGo: you won't
(01:16 / All) DirtMcGirt: This will be ur grave
(01:29 / All) PleaseDontGo: maybe you should leave before your mood is ruined
(01:31 / All) fckitildoitlive: shouldnt I already be dead if this is hell?
(01:49 / All) PleaseDontGo: because your not mad yet
(01:51 / Allies) DirtMcGirt: gotta harrass hard
(01:56 / All) PleaseDontGo: but i can tell you're a squealer
(02:33 / Allies) DirtMcGirt: waggh im a noob
(02:39 / Allies) PleaseDontGo: lmao dirt
(02:55 / Allies) PleaseDontGo: wood
(03:07 / Allies) PleaseDontGo: ty
(03:15 / Allies) aE.GatoRade.SUX: two tc
(03:32 / Allies) aE.GatoRade.SUX: thse stomps
(03:33 / Allies) aE.GatoRade.SUX: lew'
(03:41 / Allies) PleaseDontGo: damn
(04:21 / Allies) DirtMcGirt: got a breach
(04:43 / Allies) aE.GatoRade.SUX: um
(04:58 / Allies) PleaseDontGo: wood
(05:34 / All) DirtMcGirt: Trapped
(06:03 / Allies) PleaseDontGo: wood
(06:03 / Allies) DirtMcGirt: lol
(06:07 / Allies) DirtMcGirt: these guys so bad
(06:13 / Allies) aE.GatoRade.SUX: where are they
(06:21 / Allies) DirtMcGirt: purp tped
(06:34 / Allies) PleaseDontGo: why did you get tc dirt
(06:38 / Allies) PleaseDontGo: bm better for perch
(06:47 / Allies) DirtMcGirt: tc rules
(06:50 / Allies) PleaseDontGo: lol
(07:04 / Allies) DirtMcGirt: he gets so beastly
(07:06 / Allies) DirtMcGirt: and shockwave is good
(07:08 / Allies) DirtMcGirt: for siege
(07:12 / Allies) PleaseDontGo: treu
(07:19 / Allies) DirtMcGirt: thei next
(07:21 / Allies) DirtMcGirt: take expo asa
(07:32 / Allies) DirtMcGirt: then this
(07:32 / Allies) aE.GatoRade.SUX: me?
(07:37 / Allies) PleaseDontGo: yes
(07:38 / Allies) DirtMcGirt: yea lets creep together
(07:38 / Allies) aE.GatoRade.SUX: do you want me to expo there
(07:41 / Allies) PleaseDontGo: and make some gargas
(07:41 / Allies) DirtMcGirt: sure
(07:42 / Allies) PleaseDontGo: w
(07:47 / Allies) DirtMcGirt: stoneform
(08:04 / Allies) DirtMcGirt: lol
(08:08 / Allies) DirtMcGirt: u got web?
(08:15 / Allies) aE.GatoRade.SUX: in sec
(08:38 / Allies) DirtMcGirt: they creepin that
(09:40 / Allies) DirtMcGirt: lol
(09:41 / Allies) DirtMcGirt: these guys
(09:45 / Allies) DirtMcGirt: ahve the best units for this
(09:52 / Allies) DirtMcGirt: take that gatorad
(09:57 / Allies) PleaseDontGo: take both
(10:01 / Allies) PleaseDontGo: and stay under 50
(10:15 / Allies) DirtMcGirt: lumb pls
(10:35 / Allies) DirtMcGirt: tower mains a bit
(11:39 / Allies) aE.GatoRade.SUX: ugh
(11:54 / Allies) DirtMcGirt: thee guys lol
(12:31 / All) DirtMcGirt: :(
(13:36 / Allies) PleaseDontGo: wtf
(13:40 / Allies) DirtMcGirt: can u spare some lumb mate
(13:44 / Allies) PleaseDontGo: why did he keep breaking invis
(15:14 / Allies) DirtMcGirt: fuckin spam
(15:24 / Allies) aE.GatoRade.SUX: er
(15:48 / Allies) PleaseDontGo: makje a garg
(15:51 / Allies) PleaseDontGo: with stone form
(15:52 / Allies) PleaseDontGo: plz
(16:17 / Allies) aE.GatoRade.SUX: k
(17:01 / Allies) aE.GatoRade.SUX: ugh
(17:09 / Allies) DirtMcGirt: we need staff
(17:10 / Allies) DirtMcGirt: from that sho
(17:24 / Allies) PleaseDontGo: i got one already
(17:30 / Allies) DirtMcGirt: nice
(18:29 / Allies) PleaseDontGo: FUCKING LAG
(18:30 / Allies) PleaseDontGo: WOPW
(19:07 / Allies) DirtMcGirt: fuckin shit
(19:14 / Allies) aE.GatoRade.SUX: ugghhh
(19:15 / Allies) aE.GatoRade.SUX: can i fucking
(19:17 / Allies) aE.GatoRade.SUX: break 50 food
(19:18 / Allies) aE.GatoRade.SUX: now
(19:30 / Allies) DirtMcGirt: expos are still goin
(19:36 / Allies) DirtMcGirt: keep towerin
(19:38 / Allies) DirtMcGirt: over here
(19:39 / Allies) DirtMcGirt: in back
(19:43 / Allies) aE.GatoRade.SUX: bats
(19:44 / Allies) DirtMcGirt: like where my tc is
(20:59 / Allies) DirtMcGirt: the fuck
(21:05 / Allies) DirtMcGirt: hold position dumb
(21:08 / Allies) DirtMcGirt: faggot panda
(21:14 / Allies) PleaseDontGo: gold and wood
(21:27 / Allies) PleaseDontGo: ty
(21:49 / Allies) PleaseDontGo: naturals dead
(22:03 / Allies) DirtMcGirt: fuckin towers
(22:07 / Allies) DirtMcGirt: gettin no expo from this
(22:43 / Allies) PleaseDontGo: ready to start perching?
(23:52 / Allies) PleaseDontGo: these kids have no clue
(26:10 / Allies) PleaseDontGo: gold
(27:36 / Allies) PleaseDontGo: gold
(28:09 / Allies) PleaseDontGo: critters will be there
(28:50 / Allies) aE.GatoRade.SUX: er
(30:19 / All) PleaseDontGo: you guys still feeling good?
(30:21 / All) PleaseDontGo: not mad?
(30:43 / All) mushroomsoup: HOW MAD R U?
(30:46 / Allies) DirtMcGirt: fuckin gayes shit in the world
(30:49 / All) fckitildoitlive: this is quite enjoyable
(31:01 / All) PleaseDontGo: good :D you havent seen the best yet
(31:21 / Allies) DirtMcGirt: gittdamn
(32:30 / Allies) PleaseDontGo: gold
(32:39 / Allies) DirtMcGirt: nice
(32:42 / Allies) PleaseDontGo: you can break 50 now
(32:43 / Allies) DirtMcGirt: mines are out
(32:48 / Allies) aE.GatoRade.SUX: wut do you want
(32:52 / Allies) aE.GatoRade.SUX: uynits
(32:56 / Allies) PleaseDontGo: wyrms/gargs
(32:56 / Allies) DirtMcGirt: garg
(33:01 / Allies) DirtMcGirt: nah
(33:21 / Allies) PleaseDontGo: wood dirt?
(33:21 / Allies) DirtMcGirt: well
(33:23 / Allies) DirtMcGirt: sure
(33:30 / Allies) PleaseDontGo: ty
(34:03 / Allies) PleaseDontGo: invis sorc
(34:06 / Allies) PleaseDontGo: go get tp stick
(34:09 / Allies) PleaseDontGo: for later
(34:14 / Allies) PleaseDontGo: pigs there
(34:19 / Allies) DirtMcGirt: leave a couple shades too
(34:41 / Allies) PleaseDontGo: ben
(34:44 / Allies) aE.GatoRade.SUX: yes?
(34:46 / Allies) PleaseDontGo: use it
(34:49 / Allies) PleaseDontGo: get a tpstick
(35:03 / Allies) PleaseDontGo: also buy a tp to tp units up
(35:11 / Allies) PleaseDontGo: and dirt make a lot of bats plz
(35:14 / Allies) DirtMcGirt: fuckin
(35:16 / Allies) PleaseDontGo: gold dirt
(35:28 / Allies) DirtMcGirt: nah bats arent needed
(35:33 / Allies) DirtMcGirt: cause they are just gonna make bats
(35:41 / Allies) PleaseDontGo: well
(35:44 / Allies) DirtMcGirt: but yea could i get gold
(35:50 / Allies) PleaseDontGo: give me some more money for hawks
(36:06 / Allies) PleaseDontGo: xd
(36:24 / Allies) PleaseDontGo: no srsly bit more gold plz
(36:37 / Allies) PleaseDontGo: ty
(37:41 / Allies) DirtMcGirt: gold pl
(38:42 / Allies) aE.GatoRade.SUX: tping
(38:43 / Allies) aE.GatoRade.SUX: to perch?
(38:44 / All) PleaseDontGo: did you enjoy this loss?
(39:15 / All) PleaseDontGo: ?
(40:16 / Allies) aE.GatoRade.SUX: so am i tping
(40:20 / Allies) aE.GatoRade.SUX: to your perch
(40:21 / Allies) PleaseDontGo: yes
(40:27 / Allies) PleaseDontGo: when your ready
(40:30 / Allies) aE.GatoRade.SUX: i am
(40:33 / Allies) aE.GatoRade.SUX: 99%
(40:40 / Allies) aE.GatoRade.SUX: 99/100
(40:43 / Allies) PleaseDontGo: then yes
(41:21 / All) PleaseDontGo: damn
(41:27 / All) PleaseDontGo: looks like we talked too soon
(41:32 / All) PleaseDontGo: guess we're going to lose :(
(42:03 / Allies) PleaseDontGo: gold
(43:35 / All) aE.GatoRade.SUX: gg i give up
(43:45 / All) PleaseDontGo: you guys are too good for us!
(44:30 / Allies) DirtMcGirt: lol
(44:43 / All) aE.GatoRade.SUX: oops
(44:45 / All) aE.GatoRade.SUX: no more gold
(44:45 / All) aE.GatoRade.SUX: for you
(44:54 / Allies) DirtMcGirt: any shades?
(44:59 / Allies) PleaseDontGo: pigs
(45:03 / All) fckitildoitlive: ty for it
(45:24 / Allies) aE.GatoRade.SUX: shades
(45:25 / Allies) aE.GatoRade.SUX: go
(45:31 / Allies) PleaseDontGo: unsummon
(45:57 / Allies) PleaseDontGo: everything
(45:59 / Allies) PleaseDontGo: even hall
(46:03 / Allies) aE.GatoRade.SUX: yesi know
(46:27 / All) PleaseDontGo: well gg
(46:30 / All) PleaseDontGo: you win
(46:32 / All) PleaseDontGo: gg pros
(46:33 / All) icantreadthat: gg
(46:38 / All) fckitildoitlive: gg
(46:55 / Allies) PleaseDontGo: oh
(46:56 / Allies) PleaseDontGo: lol
(47:00 / Allies) PleaseDontGo: upgrade
(47:07 / Allies) aE.GatoRade.SUX: ?
(47:47 / Allies) DirtMcGirt: lol
(47:50 / Allies) DirtMcGirt: outran bolt
(49:43 / Allies) PleaseDontGo: gold?
(50:49 / Allies) DirtMcGirt: they found it?
(50:52 / Allies) PleaseDontGo: no
(51:01 / Allies) PleaseDontGo: yes
(51:17 / All) PleaseDontGo: sup?
(51:50 / Allies) DirtMcGirt: borrowing a garg
(52:11 / All) PleaseDontGo: having fun? :D
(53:42 / All) PleaseDontGo: i like those tauren
(53:47 / All) PleaseDontGo: i bet their useful
(54:04 / All) fckitildoitlive: so you play one game a day?
(54:09 / All) DirtMcGirt: yea
(54:13 / All) PleaseDontGo: pretty much
(54:17 / Allies) aE.GatoRade.SUX: okay well
(54:28 / Allies) aE.GatoRade.SUX: im going to wash dishes
(54:34 / Allies) PleaseDontGo: k
(56:32 / Allies) PleaseDontGo: wanna go burrow raping?
(57:26 / All) DirtMcGirt: what are u doin
(57:31 / Allies) PleaseDontGo: dirt
(57:37 / All) fckitildoitlive: towering up the other island
(57:38 / Allies) PleaseDontGo: wanna rape some burrows?
(57:42 / All) PleaseDontGo: liar
(57:43 / All) fckitildoitlive: what are you doing
(57:52 / All) PleaseDontGo: sitting our heroes on the other island
(58:11 / Allies) PleaseDontGo: dirt
(58:13 / Allies) PleaseDontGo: mc
(58:14 / Allies) PleaseDontGo: girt
(59:16 / Allies) DirtMcGirt: yo
(59:23 / Allies) PleaseDontGo: what can i call you
(59:24 / Allies) PleaseDontGo: besides
(59:25 / Allies) PleaseDontGo: dirt
(59:28 / All) PleaseDontGo: ????
(59:31 / All) PleaseDontGo: why did he leave
(59:39 / Allies) DirtMcGirt: thats what everyone cals me
(59:43 / Allies) PleaseDontGo: k
(59:50 / Allies) DirtMcGirt: prob tryin to figure out
(59:53 / Allies) DirtMcGirt: how to get up here
(60:10 / Allies) PleaseDontGo: yeah but im just shittalking
(60:30 / All) PleaseDontGo: yo why did yellow leave?
(60:55 / All) PleaseDontGo: ?
(61:37 / Allies) PleaseDontGo: lets find level 2 for alchy
(61:55 / All) PleaseDontGo: teal my man
(62:03 / All) PleaseDontGo: why did yellow leave.....?
(62:34 / Allies) DirtMcGirt: only shitty thing about highperch
(62:36 / Allies) DirtMcGirt: low hero levels
(62:44 / Allies) PleaseDontGo: we can always find something
(63:08 / Allies) PleaseDontGo: hes got a bunch of demos
(63:11 / Allies) PleaseDontGo: somewhere
(63:14 / All) fckitildoitlive: hes goin to play while we win this one
(63:24 / All) PleaseDontGo: you already lost though
(63:26 / All) PleaseDontGo: :(
(64:48 / All) PleaseDontGo: nice use of tp
(64:52 / All) PleaseDontGo: -350 gold
(65:11 / All) PleaseDontGo: nice use of bats you cant get back
(65:17 / All) PleaseDontGo: - 640 gold
(66:57 / All) aE.GatoRade.SUX: how
(66:58 / All) aE.GatoRade.SUX: are you gonna win
(67:02 / All) aE.GatoRade.SUX: if you are out of gold
(67:09 / All) aE.GatoRade.SUX: sorry iwas upstairs doing stuff
(67:12 / All) aE.GatoRade.SUX: its hard to run down
(67:20 / All) aE.GatoRade.SUX: 3 floors of stairs
(67:22 / All) fckitildoitlive: how are you going to win with only 5k gold?
(67:28 / All) PleaseDontGo: only 5k gold?
(67:33 / All) PleaseDontGo: got more then that bro
(67:36 / All) PleaseDontGo: a lot more
(67:43 / All) fckitildoitlive: no you dont bro. Ive seen the replay
(67:48 / All) PleaseDontGo: we camped at 50 food and hoarded all game
(67:49 / All) fckitildoitlive: but you can pretend bro
(68:00 / All) PleaseDontGo: you're in the game still you cant watch the replay
(68:02 / All) PleaseDontGo: you a liar
(68:04 / All) fckitildoitlive: good job
(68:15 / Allies) aE.GatoRade.SUX: upgrade?
(68:19 / All) fckitildoitlive: mushroomsoup isnt in the game buddy
(68:28 / All) PleaseDontGo: no hes not because
(68:33 / All) PleaseDontGo: hes not stupid
(68:35 / All) PleaseDontGo: like you
(68:54 / All) PleaseDontGo: you his bitch
(69:00 / All) fckitildoitlive: you are the idiot that built towers on an island to waste time...
(69:07 / All) fckitildoitlive: ganius
(69:13 / All) PleaseDontGo: you are the idiot staying and wasting your time
(69:15 / All) PleaseDontGo: genius
(69:24 / All) fckitildoitlive: yup
(69:46 / Allies) PleaseDontGo: we can jump that
(70:44 / Allies) PleaseDontGo: why buy another tpstick
(70:45 / Allies) PleaseDontGo: lol...
(70:50 / Allies) aE.GatoRade.SUX: wow
(71:02 / Allies) aE.GatoRade.SUX: wrong
(71:02 / Allies) aE.GatoRade.SUX: one
(71:05 / Allies) PleaseDontGo: oh
(71:07 / Allies) PleaseDontGo: lol
(71:11 / Allies) aE.GatoRade.SUX: couldnt
(71:12 / Allies) aE.GatoRade.SUX: turn back
(71:13 / Allies) aE.GatoRade.SUX: either
(71:15 / Allies) aE.GatoRade.SUX: fucking
(71:16 / Allies) aE.GatoRade.SUX: mk
(71:38 / Allies) PleaseDontGo: dk didnt matter anyways
(72:10 / All) PleaseDontGo: cant win QQ
(72:13 / All) PleaseDontGo: raped noobs
(72:27 / All) fckitildoitlive: you cant win
(72:30 / All) PleaseDontGo: rofl
(72:35 / All) PleaseDontGo: goodjoke
(72:50 / All) fckitildoitlive: if you could than what are you waiting for
(73:02 / All) PleaseDontGo: time to pass
(73:43 / Allies) DirtMcGirt: sorry
(73:47 / Allies) DirtMcGirt: was writing my paper
(73:49 / Allies) DirtMcGirt: still am
(73:52 / Allies) PleaseDontGo: lol
(73:55 / Allies) PleaseDontGo: ok
(73:58 / All) aE.GatoRade.SUX: thaqts a lot of bats
(74:50 / All) PleaseDontGo: so yellow must be the leader of you noobs
(75:00 / All) PleaseDontGo: making you do his bitchwork while he plays and has a life
(75:45 / All) aE.GatoRade.SUX: seriouskly
(75:47 / All) aE.GatoRade.SUX: just leave
(76:04 / All) fckitildoitlive: why the fuck would I leave a perfectly winnable game
(76:15 / All) aE.GatoRade.SUX: how is it winnable for you
(76:23 / All) fckitildoitlive: its a war of attrition
(76:29 / All) PleaseDontGo: i like those raiders yellow is making
(76:31 / All) aE.GatoRade.SUX: i can leave my computer
(76:32 / All) aE.GatoRade.SUX: on
(76:33 / All) aE.GatoRade.SUX: for
(76:37 / All) aE.GatoRade.SUX: 20 days
(76:39 / All) aE.GatoRade.SUX: not a problem
(76:40 / All) fckitildoitlive: no way
(76:46 / All) fckitildoitlive: mine stays on for 100's
(76:56 / All) fckitildoitlive: 20 is a POS comp
(77:08 / All) PleaseDontGo: i havent turned off my computer since i bought it last year
(77:10 / All) PleaseDontGo: ;s
(77:26 / All) fckitildoitlive: my comp has been running nonstop since 1974
(77:35 / All) PleaseDontGo: ok cool
(77:52 / Allies) PleaseDontGo: brb
(78:34 / Allies) aE.GatoRade.SUX: well im going to lie down
(78:41 / Allies) aE.GatoRade.SUX: check back in about 20 min
(82:38 / Allies) aE.GatoRade.SUX: are they out of gold....
(83:02 / All) aE.GatoRade.SUX: seriously
(83:03 / All) aE.GatoRade.SUX: leave
(83:11 / All) fckitildoitlive: you can leave son bitch
(83:45 / All) fckitildoitlive: why would i leave when you are reduced to an area the 1/10th the size of the map
(84:09 / All) fckitildoitlive: that would be like conquering a continent and then rolling out to the dark that locked himself in the closet
(84:17 / All) fckitildoitlive: what fucking sense would that make
(84:36 / All) fckitildoitlive: im dueling water elementals for fun
(85:13 / All) DirtMcGirt: well goodnight
(85:20 / All) fckitildoitlive: goodnight bro
(85:27 / Allies) PleaseDontGo: night dmg
(85:30 / Allies) PleaseDontGo: leaving comp on?
(85:58 / All) PleaseDontGo: yeah i got an interview for college tomorrow to do
(86:00 / All) PleaseDontGo: night kids
(86:08 / All) fckitildoitlive: goodnight son
(86:43 / All) fckitildoitlive: we gonna verse some darts
(86:48 / All) fckitildoitlive: have fun jerking
(104:54 / Allies) aE.GatoRade.SUX: jill baby
(108:51 / All) fckitildoitlive: .
(108:54 / All) fckitildoitlive: .
(108:57 / All) fckitildoitlive: .
(108:59 / All) fckitildoitlive: .
(109:00 / All) fckitildoitlive: .
(109:01 / All) fckitildoitlive: .
(109:02 / All) fckitildoitlive: .
(109:03 / All) fckitildoitlive: >
(129:01 / Allies) aE.GatoRade.SUX: are you here....
(134:34 / All) aE.GatoRade.SUX: okay now that your bats
(134:35 / All) aE.GatoRade.SUX: are dead
(134:43 / All) aE.GatoRade.SUX: what are you going to do
(134:52 / All) fckitildoitlive: wait til you og to sleep
(134:59 / All) fckitildoitlive: slowly steamroll your shit
(135:13 / All) aE.GatoRade.SUX: you cant get up here
(135:25 / All) aE.GatoRade.SUX: you have 2 air units
(135:27 / All) aE.GatoRade.SUX: i dont have to worry
(135:28 / All) aE.GatoRade.SUX: gnight
(135:31 / All) fckitildoitlive: ive been killing towers for the past ten mins
(135:40 / All) fckitildoitlive: goodnight blackchild
(135:44 / All) aE.GatoRade.SUX: but you have
(135:46 / All) aE.GatoRade.SUX: no gryph
(135:47 / All) aE.GatoRade.SUX: anymore
(135:48 / All) aE.GatoRade.SUX: or
(135:50 / All) aE.GatoRade.SUX: bats
(135:55 / All) aE.GatoRade.SUX: so how will you kill towers
(136:16 / All) fckitildoitlive: how are you going to kill us
(136:20 / All) fckitildoitlive: you aint got a fucking thing
(136:30 / All) aE.GatoRade.SUX: i see 10 frost
(136:34 / All) aE.GatoRade.SUX: 9 gargs
(136:37 / All) aE.GatoRade.SUX: and 6 hawks
(136:39 / All) aE.GatoRade.SUX: plus heroes
(136:40 / All) aE.GatoRade.SUX: and fiends
(136:48 / All) fckitildoitlive: if that was enough to kill us
(136:49 / All) aE.GatoRade.SUX: dunno what you are talking about
(136:52 / All) fckitildoitlive: why havent you?